 Dungeon Crawl Stone Soup version 0.15-b1-69-g54028f3 (webtiles) character file.

117 Glow the Sneak (level 5, -8/41 HPs)
             Began as a Formicid Berserker on Aug 13, 2014.
             Was a Believer of Trog.
             Engulfed by their own flame (23 damage)
             ... on Level 15 of the Dungeon.
             The game lasted 00:14:12 (3683 turns).

Glow the Sneak (Formicid Berserker)                 Turns: 3683, Time: 00:14:13

HP  -8/41        AC  3     Str 22      XL: 5   Next: 22%
MP  16/16        EV 12     Int  6      God: Trog [**....]
Gold 153         SH  0     Dex 11      Spells:  0 memorised,  4 levels left

rFire  . . .     SeeInvis +     r - +0 dagger (elec)
rCold  . . .     Clarity  .     b - +0 animal skin
rNeg   . . .     rCorr    .     (no shield)
rPois  .         rRot     .     (helmet unavailable)
rElec  .         Spirit   .     (no cloak)
SustAb .         Warding  .     s - +0 pair of gloves
rMut   .         Stasis   +     (no boots)
Gourm  .                        (no amulet)
MR     .....                    (no ring)
                                g - ring of magical power

@: not resistant to hostile enchantments, fairly stealthy
A: permanent stasis, dig shafts and tunnels, four strong arms, antennae 3
a: Dig, Shaft Self, Burn Spellbooks, Trog's Hand, Renounce Religion


You were on level 15 of the Dungeon.
You worshipped Trog.
Trog was pleased with you.
You were hungry.

You visited 1 branch of the dungeon, and saw 9 of its levels.

You collected 153 gold pieces.

Inventory:

Hand weapons
 a - a +0 short sword
 r - a +0 dagger of electrocution (weapon)
Armour
 b - a +0 animal skin (worn)
 s - a +0 pair of gloves (worn)
Comestibles
 c - 2 bread rations
 i - 3 meat rations
 q - 2 beef jerkies
Scrolls
 h - a scroll of remove curse
 t - a scroll of teleportation {unknown}
Jewellery
 g - a ring of magical power (left hand)
Potions
 d - a potion of curing {unknown}
 e - a potion of lignification {unknown}
 f - 2 potions of haste {unknown}
 k - 2 potions of heal wounds
 m - a potion of restore abilities {unknown}
 p - a potion of mutation {unknown}


   Skills:
 - Level 3.2 Fighting
 - Level 3.0 Short Blades
 - Level 2.1 Armour
 - Level 1.7 Dodging
 + Level 5.9 Stealth


You had 4 spell levels left.
You didn't know any spells.

Dungeon Overview and Level Annotations

Branches:
Dungeon (15/15)            Depths (0/5) D:15
 Temple: D:4-7          Orc: D:9-12        Lair: D:8-11      Vaults: D:13-14

Altars:


Innate Abilities, Weirdness & Mutations

Your are under a permanent stasis effect.
You can dig through walls and to a lower floor.
Your four strong arms can wield two-handed weapons with a shield.
You have a pair of large antennae on your head (SInv).


Message History

As you read the scroll labeled OTROTZ ODUWYGHIGH, it crumbles to dust.
It is a scroll of recharging.
You aren't carrying any rechargeable items.
The kobold throws a stone.
The stone hits you but does no damage.
Read which item? (? for menu, Esc to quit)
As you read the scroll labeled KLIT OCEAFO, it crumbles to dust.
The creatures around you are filled with an inner flame!
It was a scroll of immolation.
You closely miss the kobold.
You feel sick.
You are no longer poisoned.
The kobold closely misses you.
The two-headed ogre shouts in stereo!
You closely miss the kobold. You hit the kobold.
There is a sudden explosion of sparks!
The kobold explodes!
The fiery explosion engulfs you! Trog accepts your kill.
You are engulfed in roaring flames.
Ouch! That really hurt!
You die...

.≈.#.≈.# { ##.
...#K..#### O........
.....#....# ......#...
....K...### #........
..###..## ##.......#
.# ##.## #........# .
#..####.....O..#
###...##...§§....##
#..........§§@....#
.....###..##..§§###..#
...## #.####..## .# ..
#.# ##(# .## #.## ..
##.# #.# #.# ## ###


You could see 2 two-headed ogres.

Vanquished Creatures
  A worker ant (D:4)
  An adder (D:3)
  3 worms
  A giant gecko (D:2)
  2 oozes (D:2)
  3 orcs
  11 bats
  5 goblins
  5 hobgoblins
  5 jackals
  6 kobolds
  4 quokkas
  2 ball pythons (D:1)
  A giant cockroach (D:1)
  4 giant newts
  10 rats
64 creatures vanquished.

Notes
Turn   | Place    | Note
--------------------------------------------------------------
     0 | D:1      | Glow, the Formicid Berserker, began the quest for the Orb.
     0 | D:1      | Reached XP level 1. HP: 18/18 MP: 1/1
   167 | D:1      | Reached skill level 1 in Stealth
   551 | D:1      | Reached XP level 2. HP: 22/24 MP: 3/3
  1154 | D:2      | Reached XP level 3. HP: 25/29 MP: 4/4
  1386 | D:2      | Acquired Trog's second power
  1913 | D:2      | Reached skill level 4 in Stealth
  2326 | D:2      | Reached XP level 4. HP: 31/35 MP: 5/5
  2904 | D:3      | Reached skill level 5 in Stealth
  3184 | D:3      | You fall through a shaft!
  3454 | D:4      | Reached XP level 5. HP: 31/41 MP: 7/7
  3616 | D:4      | You fall through a shaft for 3 floors!
  3616 | D:7      | Noticed a hippogriff
  3619 | D:7      | You fall through a shaft for 3 floors!
  3619 | D:10     | Entered Level 10 of the Dungeon
  3622 | D:10     | You fall through a shaft for 2 floors!
  3622 | D:12     | Noticed a white ugly thing
  3625 | D:12     | You fall through a shaft!
  3637 | D:13     | Noticed an octopode
  3645 | D:13     | You fall through a shaft for 2 floors!
  3645 | D:15     | Entered Level 15 of the Dungeon
  3645 | D:15     | Noticed a two-headed ogre
  3649 | D:15     | Noticed a kobold demonologist
  3654 | D:15     | Found a staircase to the Depths.
  3654 | D:15     | Noticed a dire elephant
  3654 | D:15     | Noticed a seven-headed hydra
  3676 | D:15     | Noticed a two-headed ogre
  3683 | D:15     | Engulfed by their own flame

Action                   |  1- 3 |  4- 6 || total
-------------------------+-------+-------++-------
Melee: Short sword       |   169 |    16 ||   185
       Dagger            |       |    79 ||    79
Invok: Trog's Hand       |       |     1 ||     1
 Abil: Shaft Self        |       |     6 ||     6
  Use: Scroll            |     1 |     3 ||     4
       Potion            |       |     1 ||     1
 Stab: Sleeping          |     4 |       ||     4
       Distracted        |     2 |       ||     2
  Eat: Chunk             |     4 |     3 ||     7
       Fruit             |       |     4 ||     4
